 Dungeon Crawl Stone Soup version 0.19.0-18-g426998a (webtiles) character file.

14719 Chiseanne the Nimble (level 11, -1/77 (78) HPs)
             Began as a Demonspawn Hunter on Nov 11, 2016.
             Was a High Priest of Makhleb.
             Slain by a fire elemental (6 damage)
             ... summoned by a deep elf mage
             ... on level 12 of the Dungeon.
             The game lasted 00:33:25 (10928 turns).

Chiseanne the Nimble (Demonspawn Hunter)           Turns: 10928, Time: 00:33:25

HP:   -1/77 (78)    AC: 12    Str: 14    XL:     11   Next: 92%
MP:   0/23          EV: 11    Int: 13    God:    Makhleb [*****.]
Gold: 653           SH:  0    Dex: 15    Spells: 0 memorised, 26 levels left

rFire  . . .     SeeInvis .     a - +0 broad axe
rCold  . . .     Gourm    .     y - +0 chain mail
rNeg   . . .     Faith    .     (no shield)
rPois  .         Spirit   +     (helmet restricted)
rElec  .         Reflect  .     (no cloak)
rCorr  .         Harm     .     (no gloves)
MR     .....                    m - +0 pair of boots
Stlth  ..........               D - amulet of magic regeneration
                                (no ring)
                                d - +5 ring of slaying

@: about to teleport, glowing, heavily drained
A: horns 2, spiny 1, magic shield, magic regeneration, sturdy frame 1
a: Minor Destruction, Lesser Servant of Makhleb, Major Destruction, Greater
Servant of Makhleb, Renounce Religion


You were on level 12 of the Dungeon.
You worshipped Makhleb.
Makhleb was extremely pleased with you.
You were not hungry.

You visited 1 branch of the dungeon, and saw 12 of its levels.

You collected 653 gold pieces.

Inventory:

Hand Weapons
 a - a +0 broad axe (weapon)
 s - a +2 spear of venom
 v - a +0 arbalest
 N - a +2 battleaxe
 P - a +0 blowgun
Missiles
 c - 6 javelins (quivered)
 k - 86 sling bullets
 l - 140 bolts
 n - 246 arrows
 o - 13 curare-tipped needles
 q - 63 poisoned needles
 u - a throwing net {!*}
 x - 209 stones
Armour
 m - a +0 pair of boots (worn)
 y - a +0 chain mail (worn)
 J - +0 steam dragon scales
 L - a +0 shield
Magical Staves
 z - an uncursed staff of earth {unknown}
Jewellery
 d - a +5 ring of slaying (left hand)
 w - an uncursed amulet of the gourmand {unknown}
 D - an amulet of magic regeneration (around neck)
 I - an uncursed ring of ice {unknown}
 O - an uncursed amulet of regeneration {unknown}
Wands
 t - a wand of digging (15/24)
 E - a wand of teleportation (3/9)
Scrolls
 e - a scroll of teleportation
 g - 2 scrolls of enchant armour
 j - a scroll of recharging
 R - a scroll of remove curse
 U - a scroll of fog
Potions
 b - a potion of might {unknown}
 p - 3 potions of curing
 r - 2 potions of flight {unknown}
 A - 3 potions of agility {unknown}
 C - a potion of degeneration {unknown}
 F - 2 potions of lignification {unknown}
 H - 2 potions of heal wounds {unknown}
 K - a potion of ambrosia {unknown}
 S - a potion of brilliance {unknown}
Books
 G - a book of Dreams

   Spells                             Type                      Level
   a - Ensorcelled Hibernation        Hexes/Ice                    2
   b - Silence                        Hexes/Air                    5
   c - Darkness                       Hexes                        6
   d - Shadow Creatures               Summoning                    6
 M - a book of Debilitation

   Spells                             Type                      Level
   a - Corona                         Hexes                        1
   b - Slow                           Hexes                        2
   c - Gell's Gravitas                Hexes/Translocation          3
   d - Inner Flame                    Hexes/Fire                   3
   e - Cause Fear                     Hexes                        4
   f - Leda's Liquefaction            Hexes/Earth                  4
Comestibles
 f - 10 bread rations
 h - 5 meat rations
 i - 6 beef jerkies
 B - 7 slices of pizza
 Q - a chunk of flesh


   Skills:
 - Level 4.5(3.3) Fighting
 * Level 8.3(7.0) Axes
 - Level 4.1(2.9) Throwing
 * Level 8.8(7.5) Armour
 * Level 9.5(8.2) Dodging
 - Level 0.8(0.0) Stealth
 - Level 8.2(6.8) Spellcasting


You had 26 spell levels left.
You didn't know any spells.

Dungeon Overview and Level Annotations

Branches:
Dungeon (12/15)            Temple (0/1) D:7            Lair (0/6) D:10
    Orc (0/2) D:11

Altars:
Ashenzari
Cheibriados
Dithmenos
Fedhas
Kikubaaqudgha
Makhleb
Nemelex Xobeh
Okawaru
Qazlal
Ru
Sif Muna
Uskayaw

Annotations:
D:3 goblinboy's ghost, amateur MiBe
D:5 Xoff's ghost, novice DsFi
D:12 Shufflesack's ghost, journeyman SpEn


Innate Abilities, Weirdness & Mutations

You have a pair of horns on your head.
You are partially covered in sharp spines.
When hurt, damage is shared between your health and your magic reserves.
You regenerate magic rapidly.
Your movements are slightly less encumbered by armour. (ER -2)


Message History

* * * LOW HITPOINT WARNING * * *
Okay, then.
Okay, then.
The yak is struck by your spines. The yak misses you.
The fire elemental is struck by your spines.
The fire elemental barely misses you.
Shufflesack's ghost (journeyman Spriggan Enchanter) comes into view.
Shufflesack's ghost turns its malevolent gaze towards you.
The fire elemental hits you. The fire elemental burns you!
* * * LOW HITPOINT WARNING * * *
As you read the scroll of teleportation, it crumbles to dust.
You feel strangely unstable. The fire elemental misses you.
As you read the scroll of fear, it crumbles to dust.
You assume a fearsome visage.
The deep elf mage looks frightened!
The yak looks frightened! x5; Shufflesack's ghost is unaffected.
The fire elemental is unaffected.
The fire elemental closely misses you.
Shufflesack's ghost points at you and mumbles some strange words.
You are outlined in light.
The fire elemental hits you. The fire elemental burns you!
You die...

.... .......
....... . .Y(....
). ..Y....
...########YY.....
....W..@.Ye.......
..>.....E.........
.......Y..Y.......
.......<..ยง.......
.................(
###..............(
#...............
#.............##
######........#


You could see a deep elf mage (fleeing), 5 yaks, a fire elemental and
Shufflesack's ghost.

Vanquished Creatures
  The ghost of Azzok the Prestidigitator, a journeyman DDFi of the Shining One (D:10)
  A centaur warrior (D:10)
  The ghost of emikaela the Nimble, a journeyman SpMo of Nemelex Xobeh (D:11)
  Sonja (D:10)
  A gargoyle (D:11)
  A troll (D:9)
  A hornet (D:11)
  Prince Ribbit (D:5)
  3 hippogriffs
  Sigmund (D:3)
  A shadow (D:11)
  16 yaks
  A hill giant zombie (D:11)
  A human (D:8)
  3 hogs (D:8)
  2 steam dragons (D:8)
  5 hungry ghosts
  A water moccasin (D:9)
  3 orc warriors (D:9)
  4 phantoms
  4 ice beasts
  4 sky beasts
  3 black bears
  An eye of draining (D:11)
  2 necrophages
  4 centaurs
  6 ogres
  A crocodile (D:12)
  A big kobold (D:11)
  5 bullfrogs
  3 troll zombies (D:11)
  2 scorpions
  13 killer bees
  7 wights
  A howler monkey (D:6)
  7 crimson imps
  3 bullfrog zombies
  A centaur zombie (D:8)
  A centaur skeleton (D:10)
  5 orc priests
  2 bullfrog skeletons
  6 hounds
  8 jellies
  10 orc wizards
  13 worker ants
  5 iguanas
  A killer bee zombie (D:9)
  4 ogre zombies (D:11)
  A hound skeleton (D:4)
  3 worker ant zombies
  Robin (D:4)
  9 gnolls
  12 adders
  A shadow imp (D:5)
  An adder zombie (D:9)
  3 worms
  8 dart slugs
  6 leopard geckos
  31 orcs
  5 ball pythons
  8 bats
  6 giant cockroaches
  16 goblins
  7 hobgoblins
  4 jackals
  7 kobolds
  5 quokkas
  7 frilled lizards
  2 goblin skeletons (D:11)
  2 goblin zombies (D:11)
  2 hobgoblin skeletons (D:11)
  4 hobgoblin zombies (D:11)
  2 orc skeletons (D:11)
  12 orc zombies (D:11)
  A quokka skeleton (D:6)
  14 rats
  2 fungi (D:8)
354 creatures vanquished.

Vanquished Creatures (others)
  A human (D:6)
  A fungus (D:8)
2 creatures vanquished.

Grand Total: 356 creatures vanquished

Notes
Turn   | Place    | Note
-------+----------+-------------------------------------------
     0 | D:1      | Chiseanne the Demonspawn Hunter began the quest for the Orb.
     0 | D:1      | Reached XP level 1. HP: 16/16 MP: 1/1
   198 | D:1      | Reached skill level 2 in Dodging
   283 | D:1      | Gained mutation: Your movements are slightly less encumbered by armour. (ER -2) [demonic ancestry]
   283 | D:1      | Reached XP level 2. HP: 19/22 MP: 2/2
   714 | D:1      | Gained mutation: You are partially covered in sharp spines. [demonic ancestry]
   714 | D:1      | Reached XP level 3. HP: 28/28 MP: 3/3
  1384 | D:2      | Found a snail-covered altar of Cheibriados.
  1402 | D:2      | Gained mutation: When hurt, damage is shared between your health and your magic reserves. [demonic ancestry]
  1402 | D:2      | Reached XP level 4. HP: 31/34 MP: 4/4
  1525 | D:2      | Found an ancient bone altar of Kikubaaqudgha.
  2002 | D:3      | Noticed Sigmund
  2011 | D:3      | Killed Sigmund
  2011 | D:3      | Reached skill level 1 in Armour
  2011 | D:3      | Reached skill level 3 in Dodging
  2011 | D:3      | Reached skill level 1 in Spellcasting
  2011 | D:3      | Reached XP level 5. HP: 16/42 MP: 2/7
  2240 | D:3      | Noticed goblinboy's ghost (amateur MiBe)
  2260 | D:4      | Gained mutation: You regenerate magic rapidly. [demonic ancestry]
  2260 | D:4      | Reached XP level 6. HP: 45/48 MP: 6/8
  2265 | D:4      | Found a burning altar of Makhleb.
  2265 | D:4      | Found a blossoming altar of Fedhas.
  2274 | D:4      | Became a worshipper of Makhleb the Destroyer
  2299 | D:4      | Noticed Robin
  2308 | D:4      | Killed Robin
  3040 | D:4      | Found a hide-covered altar of Uskayaw.
  3200 | D:3      | Reached * piety under Makhleb
  3276 | D:5      | Entered Level 5 of the Dungeon
  3304 | D:5      | Reached XP level 7. HP: 47/54 MP: 8/10
  3310 | D:5      | Reached skill level 4 in Dodging
  3426 | D:5      | Found a shadowy altar of Dithmenos.
  3451 | D:5      | Noticed Prince Ribbit
  3459 | D:5      | Killed Prince Ribbit
  3459 | D:5      | Reached skill level 1 in Axes
  3487 | D:5      | Noticed Xoff's ghost (novice DsFi)
  3602 | D:5      | Noticed a hippogriff
  3612 | D:5      | Killed a hippogriff
  3612 | D:5      | Gained mutation: You have a pair of small horns on your head. [demonic ancestry]
  3612 | D:5      | Reached XP level 8. HP: 55/61 MP: 10/13
  3621 | D:5      | Reached skill level 5 in Dodging
  4051 | D:5      | Reached ** piety under Makhleb
  4580 | D:6      | Found an ancient bone altar of Kikubaaqudgha.
  4863 | D:6      | Reached XP level 9. HP: 66/66 MP: 14/16
  5450 | D:7      | Reached skill level 5 in Armour
  5488 | D:7      | Reached skill level 6 in Dodging
  5517 | D:7      | Found a staircase to the Ecumenical Temple.
  5547 | D:7      | Reached skill level 5 in Spellcasting
  5599 | D:7      | Found a shattered altar of Ashenzari.
  6055 | D:8      | Reached *** piety under Makhleb
  6197 | D:8      | Reached skill level 5 in Axes
  6466 | D:8      | Reached skill level 7 in Dodging
  6609 | D:8      | Reached XP level 10. HP: 41/72 MP: 12/19
  6961 | D:8      | Found a sparkling altar of Nemelex Xobeh.
  6972 | D:8      | Found a stormy altar of Qazlal.
  6976 | D:8      | Found an iron altar of Okawaru.
  7272 | D:9      | Found a sacrificial altar of Ru.
  7396 | D:9      | Reached **** piety under Makhleb
  8120 | D:9      | Reached skill level 8 in Dodging
  8565 | D:10     | Entered Level 10 of the Dungeon
  8623 | D:10     | Noticed Azzok's ghost (journeyman DDFi)
  8658 | D:10     | Killed Azzok's ghost
  8658 | D:10     | Gained mutation: You have a pair of horns on your head. [demonic ancestry]
  8658 | D:10     | Reached XP level 11. HP: 33/77 MP: 6/22
  8879 | D:10     | Noticed a centaur warrior
  8889 | D:10     | Killed a centaur warrior
  8996 | D:10     | Found a staircase to the Lair.
  9055 | D:10     | Noticed Sonja
  9061 | D:10     | Killed Sonja
 10133 | D:11     | Reached ***** piety under Makhleb
 10146 | D:11     | Reached skill level 9 in Dodging
 10206 | D:11     | Found a staircase to the Orcish Mines.
 10373 | D:11     | Found a deep blue altar of Sif Muna.
 10534 | D:11     | Noticed emikaela's ghost (journeyman SpMo)
 10551 | D:11     | Identified a scroll of acquirement
 10570 | D:11     | Killed emikaela's ghost
 10906 | D:12     | Noticed a deep elf mage
 10926 | D:12     | Noticed Shufflesack's ghost (journeyman SpEn)
 10928 | D:12     | Slain by a fire elemental

Skill      XL: |  1  2  3  4  5  6  7  8  9 10 11 |
---------------+----------------------------------+-----
Dodging        | 2 3 4 5 7 8 9 |  9.5
Throwing       | 4 |  4.1
Fighting       | 3 4 |  4.5
Armour         | 1 2 3 4 6 7 8 |  8.8
Spellcasting   | 1 2 3 4 6 7 8 |  8.2
Axes           | 2 3 5 7 8 |  8.3
Stealth        | |  0.8

Action                   |  1- 3 |  4- 6 |  7- 9 | 10-12 || total
-------------------------+-------+-------+-------+-------++-------
Melee: Short sword       |   135 |       |       |       ||   135
       Quarterstaff      |     3 |    76 |       |       ||    79
       Spear             |       |    24 |   228 |    63 ||   315
       War axe           |       |     5 |    40 |   242 ||   287
       Headbutt          |       |       |    52 |   104 ||   156
       Broad axe         |       |       |       |   192 ||   192
Throw: Javelin           |       |    11 |    14 |    23 ||    48
       Throwing net      |       |       |     4 |     7 ||    11
Evoke: Wand              |       |     1 |       |     1 ||     2
       Box of beasts     |       |       |       |     2 ||     2
  Use: Scroll            |       |     7 |     8 |     4 ||    19
       Potion            |       |     1 |     1 |     1 ||     3
 Stab: Sleeping          |     4 |       |       |       ||     4
       Held in net/web   |       |       |     2 |       ||     2
       Paralysed         |       |       |       |     1 ||     1
       Distracted        |       |       |       |     1 ||     1
  Eat: Chunk             |     2 |     5 |    11 |    17 ||    35
       Fruit             |       |     1 |       |     2 ||     3
       Pizza             |       |       |       |     2 ||     2
       Royal jelly       |       |       |       |     1 ||     1
Armor: Leather armour    |    25 |       |       |       ||    25
       Scale mail        |    16 |    48 |    24 |       ||    88
       Chain mail        |       |       |    95 |   271 ||   366
Dodge: Dodged            |    92 |    98 |   137 |   322 ||   649
